AoeStats
← 自由人要乐奈

Arena

510933405Analyzed
4v4 RM · 21h ago on Oct 3, 2026· 100m 50s· 8 players
Game mode
Random Map
Map size
Large (8 player)
Population
200
Speed
Normal
Resources
Standard
Victory
Conquest
Starting age
Dark Age
Ending age
Imperial Age
RankedLock teamsTeams togetherTeam positionsShared explorationLock speedFull tech treeHidden civsTurbo modeCheats
Victory
Defeat
🇫🇷 Vietnamese · France
1067
+13
🇲🇽 Goths · Mexico
1027
+15
🇫🇷 Saxons · France
1005
+16
🇲🇽 Danes · Mexico
991
+16
🇹🇼 Saxons · Taiwan
1046
-16
🇹🇼 Franks · Taiwan
1044
-17
🇮🇳 Cumans · India
995
-15
🇵🇪 Tupi · Peru
919
-12
Triceratops
11:51 Feudal Age
13:19 Double-Bit Axe
15:53 Castle Age
13:41 Horse Collar
16:45 Bow Saw
16:47 Heavy Plow
21:11 Wheelbarrow
22:01 Loom
22:02 Town Watch
23:37 Gold Mining
23:37 Stone Mining
23:40 Gambesons
25:28 Redemption
26:35 Squires
26:20 Arson
26:02 Man-at-Arms
27:37 Forging
27:30 Scale Mail Armor
28:46 Long Swordsman
31:06 Chain Mail Armor
31:04 Forging
35:06 Imperial Age
34:13 Gold Shaft Mining
33:30 Stone Mining
35:17 Capped Ram
36:07 Two-Handed Swordsman
37:36 Siege Ram
38:12 Elite Hearth Troop
42:38 Hand Cart
Suko
10:42 Loom
12:35 Feudal Age
10:56 Loom
13:04 Double-Bit Axe
18:15 Castle Age
16:41 Horse Collar
17:23 Stone Mining
32:26 Double-Bit Axe
33:43 Bow Saw
34:57 Heavy Plow
40:37 Wheelbarrow
44:23 Crossbowman
48:51 Thumb Ring
50:56 Hand Cart
51:16 Ballistics
51:15 Fortified Wall
51:02 Gold Mining
53:20 Murder Holes
57:21 Imperial Age
56:46 Padded Archer Armor
56:36 Fletching
58:57 Paper Money
57:57 Elite Rattan Archer
59:04 Man-at-Arms
59:45 Squires
60:02 Forging
59:52 Scale Mail Armor
59:48 Bodkin Arrow
60:09 Leather Archer Armor
59:19 Arbalester
59:20 Elite Skirmisher
60:17 Long Swordsman
60:44 Arson
61:26 Two-Handed Swordsman
62:40 Chain Mail Armor
62:25 Bracer
62:52 Champion
64:18 Iron Casting
64:26 Ring Archer Armor
64:43 Imperial Skirmisher
67:47 Chemistry
66:55 Siege Engineers
73:47 Hoardings
74:14 Treadmill Crane
74:28 Arrowslits
88:33 Caravan
88:47 Guilds
89:09 Coinage
94:47 Spies/Treason
97:43 Sappers
98:18 Chatras
97:47 Pikeman
97:48 Elite Fire Lancer
98:24 Guard Tower
98:45 Masonry
98:27 Heated Shot
99:03 Halberdier
danny dillinger
11:14 Feudal Age
12:33 Double-Bit Axe
13:02 Horse Collar
15:06 Loom
18:32 Castle Age
19:41 Bow Saw
21:26 Fervor
22:15 Sanctity
22:38 Scale Mail Armor
22:49 Forging
23:37 Chain Mail Armor
23:49 Gambesons
24:50 Iron Casting
23:46 Pikeman
26:34 Squires
26:59 Fletching
29:38 Heavy Plow
36:18 Imperial Age
33:36 Town Watch
34:27 Wheelbarrow
36:35 Bodkin Arrow
36:40 Padded Archer Armor
40:06 Imperial Age
44:57 Imperial Age
44:08 Scale Barding Armor
54:05 Arson
55:23 Capped Ram
60:04 Block Printing
66:36 Blast Furnace
66:07 Plate Mail Armor
66:37 Illumination
66:54 Redemption
71:33 Bracer
71:48 Leather Archer Armor
71:38 Scale Barding Armor
74:27 Northmen's Fury
76:25 Conscription
77:05 Hamask
77:50 Murder Holes
78:16 Ballistics
83:35 Hand Cart
83:18 Elite Varangian Guard
83:20 Man-at-Arms
83:21 Halberdier
85:58 Caravan
88:13 Town Patrol
89:00 Ring Archer Armor
88:50 Chain Barding Armor
88:42 Long Swordsman
91:00 Elite Jomsviking
94:22 Devotion
94:58 Theocracy
95:20 Hoardings
95:25 Plate Barding Armor
94:30 Spies/Treason
95:49 Coinage
96:23 Chemistry
95:29 Siege Engineers
94:47 Two-Handed Swordsman
95:42 Siege Ram
95:44 Onager
96:43 Champion
97:29 Crossbowman
97:32 Elite Skirmisher
97:34 Light Cavalry
98:27 Bloodlines
98:20 Husbandry
98:27 Thumb Ring
98:03 Heavy Mounted Crossbowman
98:52 Imperial Skirmisher
98:53 Cranequins
100:19 Banking
pqpqyqs
5:54 Loom
11:40 Feudal Age
12:06 Double-Bit Axe
17:03 Castle Age
15:05 Horse Collar
18:22 Bow Saw
18:14 Heavy Plow
18:51 Man-at-Arms
19:32 Long Swordsman
20:09 Gold Mining
20:34 Squires
23:08 Scale Mail Armor
26:46 Pikeman
27:39 Forging
27:46 Chain Mail Armor
32:21 Ballistics
36:26 Imperial Age
33:55 Stone Mining
37:54 Iron Casting
37:53 Two-Handed Swordsman
39:12 Crop Rotation
39:21 Wheelbarrow
39:56 Two-Man Saw
38:52 Heavy Scorpion
40:36 Chemistry
41:51 Hand Cart
42:19 Stone Shaft Mining
43:21 Conscription
44:55 Perfusion
44:19 Halberdier
45:50 Anarchy
45:10 Elite Huskarl
46:58 Champion
53:23 Blast Furnace
54:51 Town Watch
60:58 Onager
66:44 Caravan
67:16 Coinage
66:56 Guilds
94:54 Spies/Treason
95:58 Padded Archer Armor
95:48 Fletching
96:04 Scale Barding Armor
96:35 Banking
96:18 Masonry
kwik
10:12 Feudal Age
10:55 Double-Bit Axe
10:53 Horse Collar
15:35 Wheelbarrow
21:13 Castle Age
19:21 Gold Mining
19:48 Loom
20:14 Scale Barding Armor
20:20 Forging
20:25 Bloodlines
22:41 Bow Saw
22:34 Heavy Plow
23:05 Chain Barding Armor
23:21 Iron Casting
31:38 Imperial Age
自由人要乐奈
6:52 Loom
10:04 Feudal Age
13:59 Castle Age
12:09 Double-Bit Axe
12:22 Horse Collar
14:09 Loom
17:43 Bow Saw
20:22 Wheelbarrow
21:50 Heavy Plow
23:38 Hand Cart
23:51 Town Watch
24:00 Gold Mining
25:59 Scale Mail Armor
26:11 Forging
26:56 Squires
28:47 Gold Shaft Mining
28:03 Gambesons
28:42 Forging
28:33 Scale Mail Armor
31:32 Imperial Age
29:07 Arson
28:44 Pikeman
29:42 Treadmill Crane
31:25 Fortified Wall
31:27 Masonry
32:23 Chain Mail Armor
32:43 Iron Casting
31:48 Capped Ram
31:57 Shield Wall
32:59 Conscription
32:07 Elite Varangian Guard
32:58 Siege Ram
35:06 Siege Engineers
36:03 Plate Mail Armor
36:59 Crop Rotation
37:30 Two-Man Saw
36:05 Halberdier
38:21 Caravan
38:55 Architecture
39:26 Chemistry
38:48 Ballistics
38:20 Fletching
38:32 Padded Archer Armor
38:43 Man-at-Arms
39:27 Stone Mining
41:00 Hoardings
39:49 Elite Hearth Troop
40:48 Leather Archer Armor
40:28 Bodkin Arrow
40:44 Long Swordsman
41:53 Two-Handed Swordsman
42:16 Onager
43:06 Bracer
43:17 Champion
47:53 Scale Barding Armor
48:19 Ring Archer Armor
47:57 Cranequins
48:43 Thumb Ring
47:58 Heavy Mounted Crossbowman
49:01 Chain Barding Armor
48:55 Town Patrol
49:01 Elite Skirmisher
50:06 Husbandry
50:17 Bloodlines
49:28 Light Cavalry
50:02 Heavy Scorpion
54:43 Clerical Recruitment
55:47 Sanctity
55:43 Block Printing
57:58 Hussar
62:24 Redemption
62:46 Illumination
62:22 Devotion
0204isaias
11:25 Feudal Age
10:18 Loom
16:09 Castle Age
14:39 Double-Bit Axe
16:00 Horse Collar
16:12 Loom
18:14 Fletching
19:15 Bodkin Arrow
25:40 Bow Saw
25:40 Heavy Plow
27:06 Padded Archer Armor
27:48 Wheelbarrow
26:59 Town Watch
30:50 Hand Cart
36:37 Imperial Age
疯穿箱子
12:10 Feudal Age
16:24 Castle Age
15:46 Double-Bit Axe
19:24 Bow Saw
Connection lost

Rejoining the realm…

Still unreachable

The connection could not be restored.

Session expired

The server has moved on; the page needs a fresh start.